Map: Pillars of Gold LE

Players

HeroMarine - Winner!

  • Race: Terran Terran
  • Spawn Location: 7:00

cure

  • Race: Terran Terran
  • Spawn Location: 1:00

Event: StayAtHome Story Cup #3

VOD

Have the link to the VOD?

Description

Time

  • Played on: March 13, 2021, 1:55 p.m.
  • Length: 27:03

All games in this series

Show
View Real Time Build Order
Export as new Build Order

HeroMarine Terran - Winner!

Build Orders:  

Get SALT Encoding   

  12  0:00  SCV  
  13  0:12  SCV  
  14  0:18  Supply Depot  
  14  0:24  SCV  
  15  0:39  SCV  
  15  0:41  Barracks  
  16  0:44  Refinery  
  16  0:51  SCV  
  16  0:55  Refinery  
  17  1:04  SCV  
  18  1:16  SCV  
  19  1:28  Reaper, Orbital Command  
  19  1:32  Supply Depot  
  20  1:45  Factory  
  21  1:54  SCV  
  21  2:05  Barracks Reactor  
  21  2:06  SCV  
  22  2:18  SCV  
  23  2:25  Command Center  
  25  2:30  Hellion  
  25  2:33  SCV  
  26  2:42  Reaper x2  
  28  2:44  Supply Depot  
  28  2:46  SCV  
  31  2:51  Hellion  
  31  3:04  Starport  
  31  3:06  SCV  
  32  3:14  Marine x2  
  32  3:15  Factory Tech Lab  
  32  3:18  SCV  
  35  3:24  Refinery  
  35  3:30  SCV  
  35  3:31  Marine  
  35  3:32  Marine  
  38  3:37  Cyclone  
  40  3:49  Starport Tech Lab, Marine x2  
  40  3:52  Orbital Command  
  40  3:54  SCV  
  42  4:06  SCV  
  42  4:07  Raven, Marine x2  
  47  4:13  Siege Tank  
  50  4:18  SCV  
  50  4:22  SCV, Supply Depot  
  52  4:30  SCV  
  53  4:34  SCV  
  53  4:38  Supply Depot  
  54  4:43  SCV, Marine x2  
  57  4:45  Siege Tank  
  57  4:51  Raven  
  62  4:57  Supply Depot  
  62  4:59  SCV  
  64  5:00  SCV  
  64  5:01  Marine  
  64  5:02  Marine  
  66  5:10  Supply Depot  
  66  5:12  SCV x2  
  68  5:18  Supply Depot  
  68  5:19  Marine x2, Siege Tank  
  73  5:24  SCV x2  
  73  5:36  SCV x2  
  75  5:47  Command Center, Viking  
  75  5:48  Viking  
  79  5:50  SCV  
  79  5:52  SCV  
  81  6:02  SCV, Siege Tank  
  86  6:04  SCV  
  86  6:06  Supply Depot  
  86  6:15  SCV  
  86  6:17  Viking  
  86  6:18  Viking  
  91  6:19  SCV  
  91  6:20  Refinery  
  92  6:27  SCV  
  92  6:31  SCV  
  94  6:33  Marine  
  94  6:34  Siege Tank  
  94  6:39  SCV  
  97  6:43  SCV  
  98  6:47  Viking  
  98  6:48  Viking  
  102  6:58  SCV x2  
  99  7:10  SCV  
  99  7:11  SCV  
  101  7:17  Viking  
  101  7:18  Viking  
  105  7:23  SCV x2  
  105  7:28  Siege Tank  
  105  7:29  Marine  
  110  7:35  SCV x2  
  111  7:37  Orbital Command  
  108  7:47  SCV x2, Viking  
  108  7:48  Viking  
  105  7:58  Marine  
  106  7:59  SCV x2  
  106  8:04  Engineering Bay  
  105  8:06  Engineering Bay, Siege Tank  
  105  8:07  Barracks x3  
  105  8:08  Stimpack  
  105  8:09  SCV, Barracks  
  105  8:11  SCV x2  
  111  8:16  Marine  
  111  8:17  Viking  
  114  8:21  SCV  
  114  8:23  SCV x2  
  111  8:30  Viking  
  111  8:33  SCV, Marine  
  115  8:35  Refinery x2, SCV x2  
  117  8:49  Supply Depot  
  117  8:50  Supply Depot  
  117  8:51  Supply Depot  
  117  8:52  Sensor Tower  
  117  9:00  Barracks Reactor x2  
  117  9:02  Command Center, Viking  
  117  9:03  Barracks Reactor  
  117  9:06  Supply Depot  
  117  9:08  Supply Depot  
  117  9:10  Marine, Siege Tank  
  121  9:18  Viking  
  115  9:32  Barracks Reactor, Barracks  
  115  9:33  Barracks, Terran Infantry Weapons Level 1  
  115  9:34  Barracks  
  115  9:35  Terran Infantry Armor Level 1  
  115  9:36  Marine  
  115  9:37  Marine x4  
  120  9:43  Siege Tank  
  120  9:44  SCV  
  120  9:45  SCV x2, Marine x2  
  128  9:54  Marine x2  
  128  9:55  Marine x3  
  133  10:01  Combat Shield  
  133  10:03  Marine x2  
  133  10:04  Medivac  
  133  10:05  Medivac  
  139  10:11  Marine  
  139  10:12  Marine x4  
  144  10:15  Marine x2, Siege Tank  
  149  10:21  Marine  
  149  10:24  Armory  
  149  10:25  SCV x2  
  149  10:26  Factory  
  149  10:27  Barracks Reactor x2  
  152  10:30  Barracks Reactor  
  152  10:31  Marine x3  
  152  10:32  Refinery  
  152  10:33  Refinery  
  152  10:35  SCV  
  156  10:37  SCV  
  156  10:38  Medivac  
  156  10:40  Medivac  
  156  10:42  Marine x2  
  162  10:45  Supply Depot  
  162  10:48  Marine  
  162  10:49  Supply Depot  
  164  10:58  Siege Tank  
  164  11:00  Planetary Fortress  
  164  11:02  Marine x5  
  164  11:03  Marine  
  164  11:04  Marine x3  
  174  11:09  SCV  
  179  11:13  Terran Vehicle Weapons Level 1  
  179  11:16  Marine  
  179  11:17  Marine, Medivac  
  179  11:18  Medivac  
  183  11:19  Marine x3  
  183  11:23  Marine x2  
  188  11:26  Marine  
  188  11:27  Sensor Tower  
  188  11:28  Marine x2  
  189  11:36  Marine  
  189  11:39  Marine x3  
  193  11:41  Marine x2, Supply Depot  
  193  11:42  Terran Infantry Armor Level 2, Terran Infantry Weapons Level 2  
  193  11:43  Marine  
  193  11:44  Marine  
  194  11:47  Medivac  
  194  11:51  Bunker  
  194  11:52  Medivac  
  195  12:06  Starport  
  195  12:07  Starport  
  195  12:09  Siege Tank  
  198  12:25  Viking x2  
  196  12:31  Siege Tank  
  196  12:36  Command Center  
  197  12:41  Command Center  
  197  12:44  Starport Tech Lab x2  
  197  12:45  Barracks Reactor  
  197  12:47  Command Center  
  197  13:00  Viking  
  197  13:02  Viking  
  197  13:03  Corvid Reactor  
  200  13:12  Raven x2  
  194  13:13  Marine x2  
  194  13:15  Sensor Tower  
  194  13:17  Terran Vehicle Weapons Level 2  
  194  13:18  Refinery x2  
  194  13:19  Starport, Command Center  
  190  13:53  Planetary Fortress  
  190  13:54  Orbital Command  
  185  13:55  Raven x2  
  185  13:56  Viking x2  
  185  13:59  Command Center  
  192  14:04  Sensor Tower  
  192  14:05  Missile Turret  
  192  14:06  Command Center, Missile Turret  
  185  14:22  Sensor Tower  
  185  14:23  Siege Tank x2  
  185  14:24  Marine x3  
  191  14:26  Marine x2, Viking x2  
  191  14:30  Starport Reactor  
  200  14:35  Command Center  
  200  14:44  Command Center  
  200  14:51  Terran Infantry Weapons Level 3, Terran Infantry Armor Level 3  
  200  14:59  Armory  
  196  15:07  Starport, Raven x2  
  199  15:14  Orbital Command  
  199  15:17  Planetary Fortress  
  198  15:32  Refinery  
  198  15:36  Viking  
  198  15:40  Refinery  
  196  15:42  Viking  
  196  15:43  Viking  
  196  15:45  Starport Tech Lab  
  196  15:47  Terran Ship Weapons Level 1  
  196  15:48  Terran Vehicle And Ship Armor Level 1  
  197  15:58  Orbital Command  
  197  16:03  Factory, Command Center  
  197  16:07  Missile Turret, Fusion Core  
  196  16:16  Missile Turret  
  193  16:22  Viking x2  
  193  16:23  Raven  
  198  16:26  Missile Turret  
  198  16:27  Liberator  
  198  16:28  Sensor Tower  
  198  16:29  Missile Turret  
  198  16:32  Liberator  
  193  16:40  Orbital Command  
  190  17:09  Raven x3  
  190  17:10  Missile Turret  
  190  17:11  Viking x2  
  199  17:17  Missile Turret  
  199  17:22  Viking  
  200  17:26  Smart Servos  
  200  17:27  Missile Turret  
  200  17:28  Neosteel Armor  
  200  17:29  Hi-Sec Auto Tracking  
  199  17:32  Advanced Ballistics  
  199  17:35  Orbital Command  
  197  17:52  Raven  
  199  18:04  Command Center  
  194  18:06  Command Center  
  194  18:07  Command Center  
  194  18:13  Raven x2  
  198  18:40  Viking  
  200  18:51  Rapid Reignition System  
  183  19:03  Orbital Command  
  183  19:05  Siege Tank  
  183  19:06  Marine x6  
  183  19:07  Marine, Siege Tank  
  183  19:08  Viking  
  183  19:09  Viking  
  183  19:18  Marine x4  
  183  19:21  Marine x3  
  183  19:22  Marine x2  
  183  19:23  Marine  
  183  19:24  Raven x2, Marine x3  
  191  19:26  Factory Tech Lab, Marine  
  191  19:27  Marine  
  200  19:36  Orbital Command  
  200  19:38  Orbital Command  
  199  19:39  Orbital Command  
  196  19:50  Terran Vehicle And Ship Armor Level 2, Terran Ship Weapons Level 2  
  196  19:51  Viking  
  183  19:54  Orbital Command  
  183  19:55  Siege Tank  
  183  19:59  Siege Tank  
  183  20:03  Siege Tank  
  183  20:05  Raven  
  183  20:07  Raven  
  190  20:17  Raven  
  192  20:21  Starport  
  192  20:23  Starport  
  192  20:33  Marine  
  192  20:34  Marine x2  
  192  20:36  Siege Tank  
  192  20:45  Siege Tank  
  192  20:46  Siege Tank  
  192  20:47  Viking x2  
  192  20:48  Raven  
  192  20:53  Medivac x2  
  196  21:08  Siege Tank  
  190  21:17  Raven x2, Siege Tank  
  190  21:18  Siege Tank  
  195  21:24  Medivac  
  191  21:25  Medivac  
  191  21:26  Medivac  
  191  21:29  Liberator  
  182  21:33  Marine x2  
  182  21:35  Liberator  
  182  21:37  Marine x2  
  182  21:39  Orbital Command  
  180  21:41  Siege Tank  
  180  21:44  Starport Tech Lab  
  183  21:50  Siege Tank  
  185  21:56  Siege Tank  
  185  21:59  Raven  
  190  22:05  Viking x3  
  195  22:13  Siege Tank  
  188  22:34  Siege Tank x2  
  194  22:39  Marine x2  
  188  22:45  Marine x2  
  188  22:46  Marine  
  188  22:47  Marine  
  188  22:48  Marine  
  188  22:49  Raven x3  
  188  22:50  Marine x2  
  188  22:51  Marine x2  
  188  22:58  Viking x2  
  194  23:04  Raven  
  192  23:11  Marine x4  
  189  23:17  Marine x2  
  180  23:29  Siege Tank x2  
  180  23:32  Raven  
  182  23:34  Viking x3  
  188  23:42  Siege Tank  
  188  23:44  Marine x2  
  187  23:49  Raven x2  
  187  23:54  Marine x2  
  193  23:56  Starport Tech Lab, Marine x2  
  193  23:57  Marine x2  
  195  24:11  Marine x2  
  195  24:16  Marine x2  
  195  24:17  Marine x2, Siege Tank x2  
  172  24:18  Marine x3  
  172  24:19  Marine x7  
  151  24:29  Marine x2  
  145  24:32  Siege Tank  
  145  24:34  Marine x3  
  145  24:35  Marine x2  
  145  24:36  Marine  
  145  24:38  Marine x2  
  153  24:40  Marine  
  153  24:41  Marine x2  
  153  24:42  Marine  
  159  24:46  Marine x2  
  159  24:47  Marine x2  
  159  24:50  Siege Tank  
  159  24:52  Marine x3  
  168  24:53  Marine x3  
  168  24:57  Marine x2  
  168  24:58  Marine x2  
  176  25:00  Raven  
  176  25:03  Marine x2  
  180  25:11  Marine x2  
  180  25:12  Medivac  
  180  25:13  Marine  
  178  25:16  Marine x3  
  178  25:19  Marine  
  178  25:20  Refinery  
  173  25:22  Marine  
  173  25:23  Marine x2  
  176  25:32  SCV x3  
  175  25:41  Marine  
  176  25:43  Command Center  
  176  25:45  Marine x3  
  176  25:47  Marine  
  176  25:48  Marine  
  181  25:52  Raven  
  181  25:57  Marine x2  
  183  25:59  Marine x2  
  187  26:05  Marine x2, Medivac  
  187  26:08  SCV x3  
  187  26:09  SCV x3  
  187  26:10  SCV  
  187  26:11  Refinery  
  183  26:23  Marine  
  183  26:25  Marine x3  
  178  26:33  Marine  
  178  26:34  Marine x2  
  178  26:35  Marine x2  
  178  26:38  Marine  
  178  26:39  Marine  
  187  26:40  Marine x3  
  187  26:43  Marine  
  187  26:45  Refinery  
Show
View Real Time Build Order
Export as new Build Order

cure Terran 

Build Orders:  

Get SALT Encoding   

  12  0:00  SCV  
  13  0:12  SCV  
  14  0:17  Supply Depot  
  14  0:24  SCV  
  15  0:39  SCV  
  15  0:41  Barracks  
  16  0:44  Refinery  
  16  0:51  SCV  
  16  0:55  Refinery  
  17  1:03  SCV  
  18  1:15  SCV  
  19  1:28  Reaper, Orbital Command  
  19  1:31  Supply Depot  
  20  1:46  Factory  
  20  1:53  SCV  
  21  2:00  Reaper  
  22  2:06  SCV  
  23  2:18  SCV  
  24  2:27  Command Center  
  24  2:30  SCV  
  24  2:34  Hellion  
  24  2:36  Barracks Reactor  
  27  2:42  SCV  
  28  2:45  Supply Depot  
  28  2:54  SCV  
  28  2:58  Starport  
  29  3:01  Widow Mine  
  31  3:07  SCV  
  32  3:12  Marine  
  32  3:13  Marine  
  32  3:17  Refinery  
  32  3:19  SCV  
  35  3:23  Factory Tech Lab  
  35  3:32  SCV  
  36  3:34  Starport Tech Lab  
  36  3:35  Marine x2  
  36  3:39  Orbital Command  
  38  3:44  SCV  
  37  3:49  Cyclone  
  40  3:56  SCV, Raven  
  40  4:00  Marine x2  
  45  4:05  SCV  
  45  4:09  Supply Depot  
  46  4:10  SCV  
  47  4:17  SCV  
  47  4:19  Marine x2  
  50  4:25  Siege Tank  
  50  4:28  SCV, Supply Depot  
  55  4:31  SCV  
  55  4:33  Supply Depot  
  55  4:37  Marine  
  56  4:40  SCV  
  56  4:42  Raven  
  56  4:43  SCV  
  60  4:49  Marine  
  61  4:55  Marine  
  61  4:58  SCV x2  
  61  4:59  Siege Tank  
  67  5:04  Supply Depot  
  67  5:05  Supply Depot  
  67  5:07  Marine  
  67  5:10  SCV x2  
  67  5:12  Marine  
  71  5:28  SCV x2  
  73  5:32  Command Center  
  73  5:33  Siege Tank  
  76  5:37  Marine, Viking x2  
  76  5:39  Stimpack  
  76  5:42  SCV  
  82  5:46  Refinery, SCV  
  83  5:54  SCV  
  83  5:55  Marine  
  83  5:56  Supply Depot x2  
  85  5:58  SCV  
  86  6:05  Siege Tank  
  86  6:07  Viking  
  91  6:13  Marine  
  90  6:28  Viking  
  90  6:31  Marine  
  90  6:32  SCV x2  
  95  6:34  Barracks  
  95  6:36  Viking  
  95  6:39  Barracks  
  97  6:46  Orbital Command  
  96  6:48  Siege Tank  
  96  6:49  Marine  
  96  6:52  SCV x2  
  98  7:04  SCV x2  
  98  7:06  Marine  
  101  7:09  Viking x2  
  101  7:14  Orbital Command  
  105  7:19  Engineering Bay x2  
  105  7:25  Siege Tank  
  105  7:26  Barracks Reactor  
  105  7:27  Barracks Reactor  
  105  7:29  SCV  
  103  7:33  Marine  
  100  7:39  SCV x2, Viking  
  100  7:48  SCV  
  100  7:50  Marine  
  88  7:51  SCV x2  
  88  7:53  Viking  
  88  7:56  Terran Infantry Weapons Level 1  
  92  7:59  Terran Infantry Armor Level 1  
  92  8:06  SCV x3  
  92  8:11  Combat Shield  
  95  8:14  Siege Tank  
  96  8:25  Marine x4  
  97  8:27  Marine  
  97  8:33  SCV x3  
  98  8:35  Viking x2  
  102  8:43  Marine  
  102  8:45  SCV x3  
  105  8:50  Refinery  
  105  8:51  Sensor Tower  
  105  8:53  Refinery  
  101  8:56  Marine x2  
  101  8:57  Marine x2  
  101  8:58  Siege Tank  
  101  9:01  Marine  
  109  9:05  Viking  
  109  9:08  SCV x2  
  113  9:12  SCV  
  113  9:13  Armory  
  114  9:23  Marine x4  
  114  9:24  Marine  
  109  9:25  Liberator  
  111  9:33  Siege Tank  
  111  9:35  Liberator  
  117  9:38  Barracks x2  
  117  9:43  Supply Depot  
  117  9:44  Supply Depot  
  117  9:49  Supply Depot  
  117  9:51  Marine x4  
  122  9:55  SCV x2  
  122  9:56  SCV  
  124  10:02  Factory  
  124  10:04  Barracks Reactor, Terran Infantry Weapons Level 2  
  124  10:08  Medivac  
  124  10:13  Terran Infantry Armor Level 2  
  126  10:16  Marine x4  
  126  10:18  Medivac  
  126  10:21  Siege Tank  
  135  10:30  Command Center, Terran Vehicle Weapons Level 1  
  135  10:31  Barracks Reactor  
  135  10:36  Barracks Reactor  
  135  10:38  Marine x4  
  139  10:43  Missile Turret, Supply Depot x2  
  139  10:44  Missile Turret  
  139  10:50  Medivac x2  
  139  10:56  Marine  
  144  10:58  Marine x5  
  149  11:04  Siege Tank x2  
  149  11:06  Supply Depot x3  
  149  11:09  Marine x2  
  157  11:14  Marine, Supply Depot  
  157  11:15  Supply Depot  
  157  11:16  Marine x2  
  160  11:20  Marine, Viking x2  
  165  11:27  Marine x2  
  167  11:38  SCV x3  
  170  11:45  Refinery  
  169  11:47  Refinery  
  169  11:50  Viking x2  
  173  11:57  Siege Tank x2  
  179  12:03  Sensor Tower  
  179  12:09  Planetary Fortress  
  179  12:10  Missile Turret  
  179  12:12  Missile Turret  
  179  12:20  Viking x2  
  171  12:28  Marine x6  
  171  12:29  Siege Tank  
  179  12:33  Terran Infantry Weapons Level 3  
  179  12:34  Siege Tank  
  179  12:36  Marine x4  
  185  12:39  Sensor Tower  
  185  12:54  Command Center, Viking x2  
  188  13:05  Starport  
  188  13:06  Starport  
  188  13:08  Siege Tank x2  
  193  13:22  Missile Turret  
  193  13:24  Viking x2  
  188  13:47  Starport Tech Lab x2  
  187  13:52  Siege Tank x2  
  187  13:53  Command Center  
  187  13:54  Viking x2  
  187  13:55  Command Center x2  
  185  14:16  Raven x2  
  183  14:21  Corvid Reactor  
  183  14:24  Viking x2  
  185  14:27  Terran Vehicle Weapons Level 2, Terran Infantry Armor Level 3  
  186  14:38  Marine x2  
  186  14:39  Marine x4  
  186  14:41  Refinery x2, Sensor Tower  
  192  14:47  Marine x4  
  192  14:49  Planetary Fortress  
  192  14:51  Missile Turret  
  195  14:54  Missile Turret  
  195  14:58  Viking x2  
  196  15:01  Armory  
  196  15:07  Orbital Command, Missile Turret  
  195  15:09  Orbital Command  
  193  15:15  Starport  
  193  15:21  Raven x2  
  195  15:38  Viking x2  
  199  15:48  Orbital Command  
  199  15:57  Command Center  
  199  16:00  Orbital Command, Starport Tech Lab  
  199  16:01  Terran Ship Weapons Level 1  
  199  16:02  Orbital Command  
  199  16:11  Missile Turret  
  199  16:12  Missile Turret  
  196  16:23  Raven  
  196  16:24  Raven  
  200  16:39  Starport  
  199  16:40  Starport  
  199  16:41  Neosteel Armor  
  199  16:43  Terran Vehicle And Ship Armor Level 1  
  199  16:58  Missile Turret x2  
  199  16:59  Missile Turret  
  199  17:04  Hi-Sec Auto Tracking  
  199  17:15  Sensor Tower  
  199  17:16  Command Center  
  199  17:33  Missile Turret  
  199  17:50  Refinery, Missile Turret  
  199  17:52  Refinery  
  199  17:54  Planetary Fortress  
  199  17:57  Missile Turret  
  199  18:03  Missile Turret  
  199  18:13  Sensor Tower  
  198  18:20  Raven  
  198  18:23  Starport Tech Lab x2  
  198  18:24  Terran Ship Weapons Level 2  
  200  18:32  Missile Turret  
  196  18:38  Terran Vehicle Weapons Level 3  
  196  18:48  Siege Tank  
  199  18:50  Marine  
  199  18:51  Planetary Fortress  
  196  19:00  Raven x2  
  187  19:12  Viking x3  
  182  19:23  Medivac x2  
  179  19:31  Marine x2  
  179  19:32  Marine x8  
  179  19:33  Siege Tank x2  
  195  19:42  Viking x2  
  188  19:53  Viking x2  
  188  19:54  Raven  
  188  19:55  Raven x2  
  188  19:56  Marine x2  
  200  20:01  Refinery  
  200  20:02  Refinery  
  200  20:17  Missile Turret  
  200  20:30  Command Center  
  200  20:34  Command Center x2  
  198  20:37  Raven  
  198  20:40  Terran Vehicle And Ship Armor Level 2  
  197  20:44  Marine x5  
  197  20:45  Marine  
  198  20:51  Marine x2  
  200  20:58  Marine x2  
  190  21:06  Marine x6  
  189  21:12  Marine x2  
  189  21:15  Marine x2  
  187  21:23  Marine x2  
  187  21:24  Marine x2  
  177  21:31  Raven x2, Viking x3  
  177  21:32  Viking, Siege Tank  
  187  21:33  Siege Tank  
  187  21:37  Terran Ship Weapons Level 3  
  189  21:43  Refinery  
  189  21:45  Orbital Command  
  188  21:49  Marine x10  
  188  21:53  Orbital Command  
  198  21:59  SCV x3  
  198  22:00  SCV x2  
  200  22:12  Orbital Command  
  200  22:14  Raven  
  199  22:28  Raven x2, Viking x2  
  200  22:33  Viking  
  199  22:43  Command Center  
  183  22:51  Marine x10  
  134  22:52  Siege Tank x2  
  134  22:56  Raven  
  134  22:58  Viking x2  
  145  23:07  Starport Tech Lab  
  145  23:08  Command Center  
  145  23:09  Marine x10  
  145  23:10  Raven  
  145  23:11  Raven  
  153  23:24  Siege Tank x2  
  153  23:26  Marine x2  
  153  23:27  Marine x8  
  161  23:28  Medivac x2  
  169  23:44  Marine x6  
  169  23:45  Orbital Command, Marine x4  
  179  23:49  Medivac  
  179  23:56  Siege Tank x2  
  179  24:02  Marine x8  
  189  24:03  Marine x2  
  162  24:20  Marine x10  
  141  24:28  Siege Tank  
  141  24:29  Siege Tank  
  143  24:32  Raven  
  143  24:38  Marine x8  
  130  24:46  Marine x2  
  126  24:55  Marine x2  
  126  24:56  Marine x2  
  126  24:57  Marine x4  
  126  25:01  Siege Tank  
  129  25:08  Siege Tank  
  129  25:11  Orbital Command, Marine x2  
  130  25:19  Marine  
  113  25:24  Marine  
  113  25:25  Orbital Command  
  114  25:31  Marine  
  114  25:33  Siege Tank  
  109  25:46  Marine x6  
  109  25:48  Siege Tank  
  104  25:53  Marine x4  
  105  26:04  Marine  
  106  26:20  Orbital Command  
  97  26:37  Marine x7  
Tags
 
Add a new tag
Caveats
  • Supply blocks, unpowered buildings, or Contaminate may cause inaccurate times.
  • Supply counts are checked every 10 seconds.